 Dungeon Crawl Stone Soup version 0.29.0-5-ge4962eb29e (webtiles) character file.

Game seed: 2317599943777463713

202 xian the Magician (level 6, 0/40 HPs)
             Began as a Djinni Fire Elementalist on Aug 30, 2022.
             Was a Plaything of Xom.
             Slain by a gnoll
             ... wielding a +0 spear
              (4 damage)
             ... on level 3 of the Dungeon.
             The game lasted 00:08:23 (3253 turns).

xian the Magician (Djinni Fire Elementalist)        Turns: 3253, Time: 00:08:24

Health: 0/40       AC:  2    Str:  7    XL:     6   Next: 8%
Gold:   58         EV: 13    Int: 18    God:    Xom [....*.] SH:  0 Dex: 14

rFire   + + .      SeeInvis .   e - +2 dagger (elec)
rCold   x . .      Faith    .   (no shield)
rNeg    . . .      Spirit   .   a - +0 robe
rPois   ∞          Reflect  .   (no helmet)
rElec   .          Harm     .   (no cloak)
rCorr   .          Rampage  .   (no gloves)
Will    +....                   (boots unavailable)
Stlth   ++........              (no amulet)
HPRegen 0.13/turn               i - ring of willpower
MPRegen 0.00/turn               (no ring)

@: flying
A: sickness immunity, fire resistance 2, cold vulnerability 1, float, innate
caster, HP casting, extra vitality 1
a: Renounce Religion


You were on level 3 of the Dungeon.
You worshipped Xom.
You were a beloved toy of Xom.
You visited 1 branch of the dungeon, and saw 3 of its levels.

You collected 58 gold pieces.

Inventory:

Hand Weapons
 e - a +2 dagger of electrocution (weapon)
 s - a +2 vampiric whip
Missiles
 n - 4 atropa-tipped darts
Armour
 a - a +0 robe (worn)
Jewellery
 i - a ring of willpower (left hand)
Scrolls
 d - 2 scrolls of enchant weapon {unknown}
 g - a scroll of magic mapping {unknown}
 h - 3 scrolls of identify {unknown}
 j - a scroll of blinking {unknown}
 k - a scroll of silence {unknown}
 m - a scroll of teleportation {unknown}
 o - 2 scrolls of butterflies {unknown}
 p - a scroll of vulnerability {unknown}
 q - a scroll of acquirement {unknown}
 r - 2 scrolls of noise {unknown}
Potions
 b - a potion of invisibility {unknown}
 c - 2 potions of ambrosia {unknown}
 f - a potion of heal wounds
 l - 3 potions of degeneration {unknown}


   Skills:
 + Level 0.3 Fighting
 + Level 1.1(1.2) Axes
 + Level 3.0 Dodging
 + Level 2.1 Stealth
 + Level 4.1 Spellcasting


You couldn't memorise any spells.
You knew the following spells:

 Your Spells              Type           Power      Damage    Failure   Level
a - Foxfire               Conj/Fire      72%        2x1d7     2%          1
b - Scorch                Fire           36%        2d7       4%          2
c - Conjure Flame         Conj/Fire      18%        6-21      8%          3
d - Inner Flame           Hex/Fire       18%        N/A       8%          3
e - Flame Wave            Conj/Fire      18%        2d7       26%         4
f - Beastly Appendage     Tmut           36%        N/A       2%          1
g - Wereblood             Tmut           18%        N/A       4%          2
Your spell library was empty.

Dungeon Overview and Level Annotations

Branches:
Dungeon (3/15)

Altars:
Hepliaklqana
Xom

Annotations:
D:3 1 runed translucent door, themarg's ghost, amateur GnWn


Innate Abilities, Weirdness & Mutations

You are immune to sickness and miasma.
You are immune to poison.
Your flesh is very heat resistant. (rF++)
You are vulnerable to cold. (rC-)
You float through the air rather than walking.
You learn spells naturally, not from books.
Your magical power is your life essence.
You have superior vitality. (+4 MHP)


Message History

The gnoll is severely wounded.
The foxfire hits the gnoll.
The gnoll is almost dead.
Found a potion of curing.
You barely miss the kobold. The gnoll closely misses you.
The kobold hits you but does no damage.
You barely miss the kobold. The gnoll barely misses you. x2
The kobold barely misses you.
You hit the kobold. Lightning courses through the kobold!!
You kill the kobold!
The gnoll barely misses you. x2
Unknown command.
Casting: Foxfire (safe; 2% risk of failure)
Confirm with . or Enter, or press ? or * to list all spells.
You conjure some foxfire!
* * * LOW HITPOINT WARNING * * *
The gnoll hits you from afar with a +0 spear.
* * * LOW HITPOINT WARNING * * *
The gnoll hits you from afar with a +0 spear.
You die... "Oh, no, you don't!"
Xom revives you!
Unknown command.
Your foxfire dissipates!
The foxfire hits the gnoll.
You kill the gnoll!
You see here a +0 club.
The gnoll closely misses you.
You barely miss the gnoll. Xom briefly touches your surroundings.
A door slams shut!
The gnoll hits you with a +0 spear.
* * * LOW HITPOINT WARNING * * *
You closely miss the gnoll. You punch the gnoll.
The gnoll is moderately wounded.
The gnoll hits you with a +0 spear.
* * * LOW HITPOINT WARNING * * *
You hit the gnoll.
The gnoll is moderately wounded.
The gnoll hits you with a +0 spear.
You die...

≈~~~......~~~≈~~~~~~~~~~~~~~~~~~~
≈≈≈~~.....~~~≈≈≈§≈≈≈≈≈≈≈≈≈≈~≈≈≈≈≈
≈≈~~.....~~≈≈≈≈≈≈≈≈≈≈≈≈≈≈≈≈≈≈≈≈≈#
######''#########################
#....# ....... #....# .......
#####.)).#########.......
...#..(..(#..........#
)))'))....+.)..g@....#
.).#......#..........#
#####....#########...!... #....#
....... #....# .......
#################################
≈≈≈≈≈≈≈≈≈≈≈≈≈≈≈≈≈≈≈≈≈≈≈≈≈≈≈≈≈≈≈≈#
≈≈≈≈≈≈≈≈≈≈≈≈≈≈≈≈≈≈≈≈≈≈≈≈≈≈≈≈≈≈≈≈≈
≈≈≈≈≈≈≈≈≈≈≈≈≈≈≈≈≈≈≈≈≈≈≈≈≈≈≈≈≈≈≈##


You could see a gnoll.

Vanquished Creatures
  An orc priest (D:3)
  Terence (D:3)
  An orc wizard (D:3)
  A gnoll (D:3)
  5 adders
  3 dart slugs
  7 orcs (D:3)
  7 endoplasms
  2 giant cockroaches
  4 hobgoblins
  4 ball pythons
  4 bats
  3 frilled lizards
  3 goblins
  11 kobolds
  3 rats
60 creatures vanquished.

Vanquished Creatures (others)
  An adder (D:3)
  2 kobolds (D:3)
  162 foxfires
165 creatures vanquished.

Grand Total: 225 creatures vanquished

Notes
Turn   | Place    | Note
-------+----------+-------------------------------------------
     0 | D:1      | xian the Djinni Fire Elementalist began the quest for the
                  | Orb.
     0 | D:1      | xian set off with the following spells memorised: Foxfire,
                  | Scorch, Conjure Flame, Inner Flame, Flame Wave.
     0 | D:1      | Reached XP level 1. HP: 15/15 MP: 0/0
   418 | D:1      | Reached XP level 2. HP: 13/21 MP: 0/0
  1271 | D:2      | Found a shimmering altar of Xom.
  1402 | D:2      | Reached skill level 3 in Spellcasting
  1402 | D:2      | Reached XP level 3. HP: 22/25 MP: 0/0
  1402 | D:2      | Learned a level 1 spell: Beastly Appendage
  1788 | D:2      | Reached XP level 4. HP: 27/31 MP: 0/0
  2019 | D:3      | Found a hazy altar of Hepliaklqana.
  2021 | D:3      | Found a runed translucent door.
  2029 | D:3      | Noticed themarg's ghost (amateur GnWn)
  2189 | D:3      | Found a shimmering altar of Xom.
  2535 | D:3      | Became a worshipper of Xom of Chaos
  2568 | D:3      | XOM: silly message
  2696 | D:3      | Noticed Terence
  2708 | D:3      | Killed Terence
  2709 | D:3      | Reached XP level 5. HP: 30/35 MP: 0/0
  2709 | D:3      | Learned a level 2 spell: Wereblood
  2750 | D:3      | XOM: silly message
  3065 | D:3      | XOM: 1-stop teleportation journey
  3184 | D:3      | XOM: destruction
  3202 | D:3      | Reached skill level 1 in Axes
  3220 | D:3      | Reached skill level 4 in Spellcasting
  3230 | D:3      | Reached XP level 6. HP: 4/40 MP: 0/0
  3232 | D:3      | HP: 1/40 [kobold/stone (2)]
  3246 | D:3      | Xom revived you
  3251 | D:3      | XOM: scenery: 1 doors close
  3253 | D:3      | Slain by a gnoll

Illustrated notes

Levels and vault maps discovered:
D:1:      dpeg_arrival_central, layout_basic
D:2:      layout_basic, basic_altar
D:3:      minmay_goblin_kobold_castle, layout_basic,
          mainiacjoe_overflow_surrounded_room, nicolae_overflow_crystal_walls,
          lemuel_tele_altar, shapermc_ecumenical_altar_flowoftime,
          ebering_ghost_sewer_d, st_stairs_8, uniq_terence

Skill      XL: |  1  2  3  4  5  6 |
---------------+-------------------+-----
Spellcasting   | 3 4 |  4.1
Stealth        | 2 |  2.1
Axes           | 1 |  1.1
Dodging        | 3 |  3.0
Fighting       | |  0.3

Action                   |  1- 3 |  4- 6 || total
-------------------------+-------+-------++-------
Melee: Hand axe          |    11 |    15 ||    26
       Whip              |       |     5 ||     5
       Dagger            |       |     7 ||     7
       Punch             |       |     1 ||     1
Throw: Dart              |       |     2 ||     2
 Cast: Foxfire           |    45 |    56 ||   101
       Scorch            |     4 |     3 ||     7
       Flame Wave        |       |     1 ||     1
  Use: Potion            |       |     1 ||     1
Armor: Robe              |     2 |    13 ||    15
Dodge: Dodged            |     5 |    40 ||    45
